AoeStats
← AOKI_Shogi

Oasis

509209668Analyzed
4v4 RM · 7d ago on Sep 25, 2026· 16m 12s· 8 players
Game mode
Random Map
Map size
Large (8 player)
Population
200
Speed
Normal
Resources
Standard
Victory
Conquest
Starting age
Dark Age
Ending age
Imperial Age
RankedLock teamsTeams togetherTeam positionsShared explorationLock speedFull tech treeHidden civsTurbo modeCheats
Victory
Defeat
🇲🇽 Vietnamese · Mexico
1540
+15
🇷🇺 Varangians · Russia
1501
+16
🇧🇷 Franks · Brazil
1499
+16
🇲🇦 Shu · Morocco
1495
+17
🇲🇦 Persians · Morocco
1666
-23
🇫🇷 Celts · France
1558
-18
🇫🇷 Lithuanians · France
1421
-12
🇫🇷 Japanese · France
1389
-11
The Lord Daniel
6:21 Loom
9:00 Feudal Age
14:14 Fletching
16:09 Padded Archer Armor
Samara
6:25 Loom
9:30 Feudal Age
14:43 Fletching
EoK_pr1ston
6:57 Loom
9:09 Feudal Age
9:47 Double-Bit Axe
15:31 Scale Barding Armor
diprial
6:52 Loom
9:31 Feudal Age
12:21 Double-Bit Axe
12:19 Horse Collar
AOKI_Shogi
6:37 Loom
9:09 Feudal Age
9:14 Man-at-Arms
10:41 Arson
Nux
7:25 Loom
9:32 Feudal Age
9:39 Man-at-Arms
Yarcla
8:08 Loom
11:00 Feudal Age
11:46 Double-Bit Axe
11:45 Horse Collar
16:33 Scale Barding Armor
16:39 Forging
Skrillll
6:47 Loom
9:00 Feudal Age
10:11 Wheelbarrow
9:30 Double-Bit Axe
9:32 Horse Collar
Connection lost

Rejoining the realm…

Still unreachable

The connection could not be restored.

Session expired

The server has moved on; the page needs a fresh start.